 Dungeon Sprint DCSS version 0.26-a0-1147-g3780a7a11b (webtiles) character file.

Game seed: 9734267094893310864

1598 rocky1 the Arsonist (level 8, -2/74 HPs)
             Began as a Hill Orc Fire Elementalist on Dec 23, 2020.
             Was a High Priest of Sif Muna.
             Slain by a boulder beetle (26 damage)
             ... in the Dungeon (Sprint VII: "The Pits").
             The game lasted 00:08:49 (1897 turns).

rocky1 the Arsonist (Hill Orc Fire Elementalist)    Turns: 1897, Time: 00:08:50

Health: -2/74      AC: 10    Str: 11    XL:     8   Next: 94%
Magic:  17/17      EV: 12    Int: 17    God:    Sif Muna [*****.]
Gold:   0          SH:  0    Dex: 11    Spells: 7/20 levels left

rFire    . . .     SeeInvis .   o - +2 hand axe (vorpal)
rCold    . . .     Faith    .   (no shield)
rNeg     . . .     Spirit   .   n - +3 ring mail
rPois    .         Reflect  .   (no helmet)
rElec    .         Harm     .   (no cloak)
rCorr    .         Rampage  .   (no gloves)
Will     .....     NoTele   +   r - +0 pair of boots
Stlth    +.........             (no amulet)
HPRegen  0.22/turn              (no ring)
MPRegen  0.15/turn              (no ring)

@: no status effects
A: no striking features
a: Renounce Religion, Channel Magic, Forget Spell, Divine Exegesis


You were in the Dungeon.
You worshipped Sif Muna.
Sif Muna was extremely pleased with you.
You visited 1 branch

Inventory:

Hand Weapons
 h - a +2 whip of freezing
 o - a +2 vorpal hand axe (weapon)
 s - a +1 vorpal broad axe
Armour
 n - a +3 ring mail (worn)
 r - a +0 pair of boots (worn)
Jewellery
 g - a +3 ring of strength
 l - a +3 ring of dexterity
Wands
 a - a wand of polymorph (9)
Scrolls
 i - 3 scrolls of remove curse
 j - 5 scrolls of amnesia
 k - a scroll of summoning
Potions
 b - a potion of invisibility
 c - 6 potions of curing
 d - 4 potions of heal wounds
 e - a potion of haste
 f - 4 potions of magic
 m - 2 potions of brilliance
 p - a potion of berserk rage
 q - a potion of mutation


   Skills:
 - Level 7.8 Fighting
 - Level 8.5 Axes
 - Level 6.8 Armour
 - Level 5.7 Dodging
 - Level 1.5 Stealth
 + Level 6.5 Spellcasting
 + Level 5.2 Conjurations
 + Level 9.8 Fire Magic
 + Level 8.4 Invocations


You had 7 spell levels left.
You knew the following spells:

 Your Spells              Type           Power        Failure   Level
a - Foxfire               Conj/Fire      100%         1%          1
b - Conjure Flame         Conj/Fire      31%          3%          3
c - Sticky Flame          Conj/Fire      31%          12%         4
d - Fireball              Conj/Fire      15%          32%         5

Your spell library contained the following spells:

 Spells                   Type           Power        Failure   Level
 Inner Flame              Hex/Fire       22%          11%         3
 Sandblast                Erth           10%          26%         1
 Dazzling Flash           Conj/Hex       28%          26%         3
 Leda's Liquefaction      Hex/Erth       2%           95%         4
 Petrify                  Tmut/Erth      5%           95%         4
 Metabolic Englaciation   Hex/Ice        2%           100%        5


Dungeon Overview and Level Annotations

Branches:
Dungeon (1/1)

Altars:
Ashenzari
Cheibriados
Dithmenos
Elyvilon
Fedhas
Gozag
Hepliaklqana
Kikubaaqudgha
Makhleb
Nemelex Xobeh
Okawaru
Qazlal
Ru
Sif Muna
Trog
Uskayaw
Vehumet
Wu Jian
Xom
Yredelemnul
Zin
The Shining One
Beogh
Jiyva
Lugonu


Message History

Casting: Foxfire (safe; 1% risk of failure)
Confirm with . or Enter, or press ? or * to list all spells.
Okay, then.
Unknown command.
Okay, then.
Okay, then.
As you open the huge gate, it creaks loudly!
There is a huge open gate to the Metal Vault (Medium) here.
There is a huge open gate to the Metal Vault (Medium) here.
As you open the gate, it creaks loudly!
A boulder beetle, a white imp and a bog body come into view.
The white imp shouts, "Take thy face hence, thou bootless ill-nurtured mish-mash!"
You close the gate.
A bog body opens the gate.
The boulder beetle curls into a ball and begins rolling!
The bog body points at you and mumbles some strange words.
The bolt of cold hits you!!!
Ouch! That really hurt!
The boulder beetle hits you!!
You die...

###.##................+
.....'................+
'#####......#..#......#
.#..##................#
.#))#####'#####''######
##))##.......##''#
.#))##.......##..#
.#.[##.......##..#
.#'###...<...##.@####
....##.......##.B#..###
....##.......##.○#....##
######.......##..5.....#
.#..###########..n°....+
.#.############..'.....#
.#.#....#..[[##..#....##
.#)#....#...[##..#..###
.#)'....'..).##..####


You could see a boulder beetle, a bog body and a white imp.

Vanquished Creatures
  Pikel (D)
  A red devil (D)
  2 flying skulls (D)
  A wyvern (D)
  A redback (D)
  2 necrophages (D)
  A lemure (D)
  A big kobold (D)
  A hound (D)
  2 gnolls (D)
  An ooze (D)
  A leopard gecko (D)
  2 orcs (D)
  A bat (D)
  A bat skeleton (D)
  3 giant cockroaches (D)
  3 jackals (D)
  A quokka (D)
  2 ball pythons (D)
28 creatures vanquished.

Vanquished Creatures (others)
  11 foxfires (D)
11 creatures vanquished.

Grand Total: 39 creatures vanquished

Notes
Turn   | Place    | Note
-------+----------+-------------------------------------------
     0 | D        | rocky1 the Hill Orc Fire Elementalist began the quest for
                  | the Orb.
     0 | D        | Reached XP level 1. HP: 14/14 MP: 3/3
    48 | D        | Found a bloodstained altar of Trog.
    48 | D        | Found a shimmering blue altar of Sif Muna.
    48 | D        | Found a viscous altar of Jiyva.
    48 | D        | Found a hazy altar of Hepliaklqana.
    48 | D        | Found an opulent altar of Gozag.
    49 | D        | Found a glowing golden altar of the Shining One.
    49 | D        | Found a glowing silver altar of Zin.
    49 | D        | Found a basalt altar of Yredelemnul.
    49 | D        | Found a shimmering altar of Xom.
    49 | D        | Found an ornate altar of the Wu Jian Council.
    49 | D        | Found a sacrificial altar of Ru.
    49 | D        | Found a stormy altar of Qazlal.
    49 | D        | Found an iron altar of Okawaru.
    49 | D        | Found a sparkling altar of Nemelex Xobeh.
    49 | D        | Found a burning altar of Makhleb.
    49 | D        | Found a blossoming altar of Fedhas.
    49 | D        | Found a white marble altar of Elyvilon.
    49 | D        | Found a shadowy altar of Dithmenos.
    49 | D        | Found a snail-covered altar of Cheibriados.
    52 | D        | Found a corrupted altar of Lugonu.
    52 | D        | Found a radiant altar of Vehumet.
    52 | D        | Found a roughly hewn altar of Beogh.
    53 | D        | Found an ancient bone altar of Kikubaaqudgha.
    53 | D        | Found a hide-covered altar of Uskayaw.
    53 | D        | Found a broken altar of Ashenzari.
    64 | D        | Became a worshipper of Sif Muna the Loreminder
   100 | D        | Reached * piety under Sif Muna
   101 | D        | Reached skill level 1 in Fighting
   101 | D        | Reached skill level 1 in Axes
   101 | D        | Reached skill level 1 in Invocations
   338 | D        | Reached ** piety under Sif Muna
   339 | D        | Reached XP level 2. HP: 23/23 MP: 5/5
   345 | D        | Reached skill level 4 in Fire Magic
   361 | D        | Reached skill level 1 in Armour
   361 | D        | Reached XP level 3. HP: 29/29 MP: 1/6
   373 | D        | Reached *** piety under Sif Muna
   773 | D        | Learned a level 3 spell: Conjure Flame
   776 | D        | Noticed a lemure
   776 | D        | Noticed a lemure
   776 | D        | Noticed a lemure
   776 | D        | Noticed Pikel
   788 | D        | Killed a lemure
   789 | D        | Noticed a lemure
   798 | D        | Noticed a flying skull
   806 | D        | Killed Pikel
   807 | D        | Reached skill level 5 in Armour
   807 | D        | Reached skill level 7 in Fire Magic
   807 | D        | Reached XP level 4. HP: 30/45 MP: 6/10
   807 | D        | Reached XP level 5. HP: 34/51 MP: 6/11
   807 | D        | Reached XP level 6. HP: 39/58 MP: 6/12
   807 | D        | Reached XP level 7. HP: 43/64 MP: 6/13
   817 | D        | Killed a flying skull
   818 | D        | Reached skill level 5 in Dodging
   820 | D        | Reached **** piety under Sif Muna
  1069 | D        | Learned a level 4 spell: Sticky Flame
  1075 | D        | Learned a level 5 spell: Fireball
  1201 | D        | Noticed a red devil
  1209 | D        | Killed a red devil
  1209 | D        | Reached ***** piety under Sif Muna
  1210 | D        | Reached skill level 5 in Spellcasting
  1210 | D        | Reached skill level 8 in Fire Magic
  1210 | D        | Reached XP level 8. HP: 70/74 MP: 15/15
  1325 | D        | Noticed a flying skull
  1343 | D        | Killed a flying skull
  1343 | D        | Identified Sif Muna's Disquisition on Ashen Hexes (Sif Muna
                  | gifted it to you in the Dungeon)
  1343 | D        | Received a gift from Sif Muna
  1350 | D        | Reached skill level 9 in Fire Magic
  1462 | D        | Noticed a redback
  1462 | D        | Noticed a wyvern
  1482 | D        | Killed a redback
  1504 | D        | Killed a wyvern
  1505 | D        | Reached skill level 5 in Conjurations
  1891 | D        | Noticed a boulder beetle
  1891 | D        | Noticed a bog body
  1897 | D        | Slain by a boulder beetle

Illustrated notes

Levels and vault maps discovered:
D:        pitsprint [storerooms_1, entrance_room_1, metal_vault_1, armoury_1,
          mini_pit_1, grid_room_1, main_hall_1, silver_pit, the_coven_3,
          the_vestibule_1, steel_vault_3, golden_pit, hallway_of_sentries,
          crystal_vault_4, iron_vault_5, final_vault]

Skill      XL: |  1  2  3  4  5  6  7  8 |
---------------+-------------------------+-----
Fighting       | 1 2 6 7 |  7.8
Axes           | 1 2 7 8 |  8.5
Dodging        | 2 4 5 |  5.7
Invocations    | 1 2 7 8 |  8.4
Spellcasting   | 2 4 5 6 |  6.5
Fire Magic     | 4 7 8 9 |  9.8
Armour         | 1 5 6 |  6.8
Conjurations   | 5 |  5.2
Stealth        | |  1.5

Action                   |  1- 3 |  4- 6 |  7- 9 || total
-------------------------+-------+-------+-------++-------
Melee: Hand axe          |    68 |       |   102 ||   170
       Unarmed           |     3 |       |    12 ||    15
 Cast: Foxfire           |     7 |       |       ||     7
  Use: Potion            |     2 |       |     9 ||    11
       Scroll            |     1 |       |       ||     1
 Stab: Invisible         |       |       |     3 ||     3
Armor: Robe              |    15 |       |       ||    15
       Ring mail         |     3 |       |    28 ||    31
       Skin              |       |       |     1 ||     1
Dodge: Dodged            |    64 |       |    69 ||   133

Table legend: (Time is in decaauts)
 A = Elapsed time spent in this place.
 B = Non-inter-level travel time spent in this place.
 C = Inter-level travel time spent in this place.
 D = Time resting spent in this place.
 E = Time spent auto-exploring this place.
 F = Levels seen in this place.
 G = Mean time per level.
                   A        B        C        D        E       F      G
               +--------+--------+--------+--------+--------+-----+--------+
         Total |   1919 |   1866 |     53 |   1294 |      0 |   1 | 1919.0 |
       Dungeon |   1919 |   1866 |     53 |   1294 |      0 |   1 | 1919.0 |
               +--------+--------+--------+--------+--------+-----+--------+

Top non-repeatable levels by time:
       D: 1919 daAuts
